 Dungeon Crawl Stone Soup version 0.21-a0-394-gdc75ea7 (webtiles) character file.

232 Kavrick the Shield-Bearer (level 6, -3/49 HPs)
             Began as a Formicid Fighter on Oct 18, 2017.
             Slain by a gnoll
             ... wielding a +0 flail
              (9 damage)
             ... on level 2 of the Dungeon.
             The game lasted 00:04:34 (2932 turns).

Kavrick the Shield-Bearer (Formicid Fighter)        Turns: 2932, Time: 00:04:35

Health: -3/49      AC:  9    Str: 22    XL:     6   Next: 25%
Magic:  6/6        EV:  6    Int:  8    God:
Gold:   92         SH: 10    Dex: 10    Spells: 5/5 levels left

rFire    . . .     SeeInvis +   a - +0 war axe
rCold    . . .     Gourm    .   c - +0 shield
rNeg     . . .     Faith    .   j - +0 chain mail
rPois    .         Spirit   .   (helmet unavailable)
rElec    .         Reflect  .   (no cloak)
rCorr    .         Harm     .   (no gloves)
MR       .....                  (no boots)
Stlth    ..........             (no amulet)
HPRegen  0.16/turn              (no ring)
MPRegen  0.10/turn              (no ring)

@: no status effects
A: permanent stasis, dig shafts and tunnels, four strong arms, antennae 3
a: Dig, Shaft Self


You were on level 2 of the Dungeon.
You were not hungry.

You visited 1 branch of the dungeon, and saw 3 of its levels.

You collected 92 gold pieces.

Inventory:

Hand Weapons
 a - a +0 war axe (weapon)
Armour
 b - a +0 scale mail
 c - a +0 shield (worn)
 j - a +0 chain mail (worn)
Jewellery
 o - a +3 ring of dexterity {unknown}
Scrolls
 e - a scroll of noise {unknown}
 i - a scroll of amnesia {unknown}
 l - 3 scrolls of identify {unknown}
 n - a scroll of remove curse {unknown}
 p - a scroll of immolation {unknown}
Potions
 d - a potion of might
 g - a potion of heal wounds {unknown}
 h - 3 potions of curing {unknown}
 k - 2 potions of agility {unknown}
Comestibles
 f - 3 bread rations


   Skills:
 + Level 4.5 Fighting
 * Level 3.6 Axes
 + Level 4.4 Armour
 + Level 4.9 Shields


You had 5 spell levels left.
You didn't know any spells.

Dungeon Overview and Level Annotations

Branches:
Dungeon (3/15)

Altars:
Nemelex Xobeh
Uskayaw


Innate Abilities, Weirdness & Mutations

You cannot be hasted, slowed, berserked, paralysed or teleported.
You can dig through walls and to a lower floor.
Your four strong arms can wield two-handed weapons with a shield.
You have a pair of large antennae on your head. (SInv)


Message History

You hit the gnoll.
The gnoll is almost dead.
You barely miss the gnoll. The gnoll hits you but does no damage.
You block the gnoll's attack.
You closely miss the gnoll.
The gnoll is almost dead.
You closely miss the gnoll. The gnoll hits you with a flail.
* * * LOW HITPOINT WARNING * * *
You block the gnoll's attack. The gnoll hits you but does no damage.
You hit the gnoll.
You kill the gnoll!
Your shield and chain mail prevent you from hitting the gnoll.
You block the gnoll's attack.
You closely miss the gnoll.
The gnoll is lightly wounded.
The gnoll barely misses you.
You barely miss the gnoll.
The gnoll is lightly wounded.
The gnoll hits you with a flail!
You die...

..........#.###..........##.#.###
.#.#.#...................##.#.# #
.............................<# #
.#.#.#......................#####
..........<............#.#..####.
.#.#.#..............##.....###>..
..................#..#.#.#.###.#.
...{...........g..##.............
.{.....#.##.....@).........####..
.................................
.......#..<.......###.......###..
####.###............#.......##...
.###.# #..........#........###.##
..##.# #...................##..#
#..#.###.......................#
...#..####.#.######..........#.#
#..##.# #..#..#####...)).....#.#


You could see a gnoll.

Vanquished Creatures
  10 gnolls
  6 adders (D:2)
  2 oozes (D:1)
  A worm (D:3)
  2 dart slugs
  4 leopard geckos
  4 giant cockroaches
  6 goblins
  3 hobgoblins
  2 jackals (D:1)
  5 kobolds
  A quokka (D:3)
  12 bats
  4 frilled lizards (D:1)
  7 rats
69 creatures vanquished.

Notes
Turn   | Place    | Note
-------+----------+-------------------------------------------
     0 | D:1      | Kavrick the Formicid Fighter began the quest for the Orb.
     0 | D:1      | Reached XP level 1. HP: 18/18 MP: 1/1
   222 | D:1      | Reached XP level 2. HP: 24/24 MP: 2/2
   447 | D:1      | Reached XP level 3. HP: 29/29 MP: 3/3
  1036 | D:2      | Reached XP level 4. HP: 36/37 MP: 4/4
  1293 | D:2      | HP: 1/37 [gnoll/halberd (13)]
  1633 | D:2      | Reached XP level 5. HP: 34/42 MP: 5/5
  2600 | D:3      | Reached XP level 6. HP: 49/49 MP: 6/6
  2679 | D:3      | Found a sparkling altar of Nemelex Xobeh.
  2725 | D:3      | Found a hide-covered altar of Uskayaw.
  2932 | D:2      | Slain by a gnoll

Vault maps used:
D:1:      lemuel_arrival_funnel, serial_forest, infiniplex_forest_straight_4,
          infiniplex_forest_clump_medium, infiniplex_forest_lined_room_3,
          infiniplex_forest_lined_4_way, infiniplex_forest_lined_room_2,
          infiniplex_forest_end_2, infiniplex_forest_zigzag_1,
          infiniplex_forest_clump_double, infiniplex_forest_lined_4_way,
          infiniplex_forest_straight_2
D:2:      serial_glass, glass_columns_a, glass_columns_a, glass_columns_a,
          glass_columns_b, glass_columns_a, glass_columns_a
D:3:      eat_drink_and_be_merry_uskayaw, lemuel_crystal_altar,
          lemuel_angel_altar

Skill      XL: |  1  2  3  4  5 |
---------------+----------------+-----
Shields        | 4 |  4.9
Fighting       | 4 |  4.5
Armour         | 4 |  4.4
Axes           | 3 |  3.6

Action                   |  1- 3 |  4- 6 || total
-------------------------+-------+-------++-------
Melee: War axe           |   127 |   143 ||   270
  Eat: Chunk             |     1 |     6 ||     7
Armor: Scale mail        |    79 |    14 ||    93
       Chain mail        |       |    40 ||    40
Dodge: Dodged            |    51 |    43 ||    94
Block: Shield            |    88 |    84 ||   172

Table legend:
 A = Spawn XP
 B = Non-spawn XP
 C = Spawn XP percentage of total XP
 D = Spawn monster count
 E = Non-spawn monster count
 F = Spawn count percentage of total count
 G = Total turns spent on level
                    A         B        C        D         E        F      G
               +---------+---------+-------+---------+---------+-------+---------
         Total |       0 |     332 |   0.0 |       0 |      69 |   0.0 |  2932
               +---------+---------+-------+---------+---------+-------+---------
           D:1 |       0 |      92 |   0.0 |       0 |      33 |   0.0 |  1447
           D:2 |       0 |     198 |   0.0 |       0 |      24 |   0.0 |  1305
           D:3 |       0 |      42 |   0.0 |       0 |      12 |   0.0 |   180
               +---------+---------+-------+---------+---------+-------+---------
